 Dungeon Crawl Stone Soup version 0.17-a0-469-g696e5a1 (webtiles) character file.

177 Fluffy the Slasher (level 5, -1/41 HPs)
             Began as a Human Fighter on Apr 6, 2015.
             Slain by an orc wizard
             ... wielding a +2 dagger of draining
              (5 damage)
             ... on level 3 of the Dungeon.
             The game lasted 00:07:43 (2219 turns).

Fluffy the Slasher (Human Fighter)                  Turns: 2219, Time: 00:07:43

Health: -1/41      AC: 10    Str: 16 (17) XL:     5   Next: 87%
Magic:  5/5        EV:  1    Int:  9      God:
Gold:   106        SH:  0    Dex: 12      Spells: 0 memorised, 4 levels left

rFire  + . .     SeeInvis .     o - +1 long sword (vamp)
rCold  . . .     Clarity  .     w - +0 plate armour
rNeg   . . .     SustAb   .     c - +0 shield
rPois  +         Gourm    .     (no helmet)
rElec  +         Spirit   .     (no cloak)
rCorr  .         Warding  .     (no gloves)
rMut   .         Stasis   .     (no boots)
MR     .....                    (no amulet)
Stlth  ..........               t - ring of stealth
                                v - ring of poison resistance

@: confused, very heavily drained, not resistant to hostile enchantments,
extremely unstealthy
A: fire resistance 1, electricity resistance, no device heal 1
a: no special abilities


You were on level 3 of the Dungeon.
You were not hungry.

You visited 1 branch of the dungeon, and saw 3 of its levels.

You collected 106 gold pieces.

Inventory:

Hand weapons
 a - a +0 long sword
 o - a +1 vampiric long sword (weapon)
Missiles
 b - 3 javelins of penetration (quivered)
Armour
 c - a +0 shield (worn)
 w - a +0 plate armour (worn)
Jewellery
 l - an uncursed ring of flight
 t - a ring of stealth (right hand)
 v - a ring of poison resistance (left hand)
Magical devices
 r - a wand of slowing (22)
Scrolls
 f - a scroll of random uselessness {unknown}
 h - a scroll of enchant weapon {unknown}
 k - 5 scrolls of remove curse {unknown}
 m - 2 scrolls of identify {unknown}
 n - a scroll of teleportation {unknown}
 p - a scroll of enchant armour {unknown}
 u - a scroll of immolation {unknown}
Potions
 e - a potion of might
 q - a potion of poison
Comestibles
 d - a beef jerky


   Skills:
 - Level 3.0(0.0) Fighting
 + Level 5.6(0.0) Long Blades
 - Level 3.0(0.0) Armour
 - Level 3.0(0.0) Shields


You had 4 spell levels left.
You didn't know any spells.

Dungeon Overview and Level Annotations

Branches:
Dungeon (3/15)

Altars:
Ashenzari
Sif Muna


Innate Abilities, Weirdness & Mutations

Your flesh is heat resistant.
You are resistant to electric shocks.
Potions and wands are less effective at restoring your health.


Message History

You hear some strange, mumbled words.
You are more confused.
You closely miss something.
An orc wizard appears from thin air!
Reactivating autopickup.
The orc wizard gestures at you while chanting.
You are more confused.
The orc hits you but does no damage.
The orc wizard casts a spell.
The orc wizard flickers and vanishes!
Deactivating autopickup; reactivate with Ctrl-A.
You completely miss something. The orc hits you but does no damage.
Something hits you but does no damage.
You feel drained. The orc hits you but does no damage.
You're too confused to move!
Something hits you but does no damage.
You feel drained.
The orc hits you from afar with a trident.
* * * LOW HITPOINT WARNING * * *
You closely miss something. Something hits you but does no damage.
You feel drained. The orc hits you but does no damage. Something hits you.
You die...

...# .......# ...#
#.......# ...#
#.....(.# .[.#
#.......### ...#
#.......#.# ...#
#.......#.##### ...#
####'##)#).(..# ...#
#.#.###.# .).#######.
#.o{@.#.# ...........
#######.###
..................>...#
##.######## ###.#####.#
##.####### #.....#.#
##..)...<######..##.#.#
#####............#....#
### #............######
..# #................#


You could see an orc.

Vanquished Creatures
  7 adders
  4 gnolls (D:3)
  A worm (D:3)
  A giant gecko (D:1)
  4 orcs (D:3)
  8 bats
  5 giant cockroaches
  8 hobgoblins
  4 jackals (D:3)
  6 kobolds
  2 quokkas
  A ball python (D:3)
  2 giant newts
  4 goblins
  13 rats
  2 toadstools (D:1)
72 creatures vanquished.

Vanquished Creatures (others)
  2 toadstools (D:1)
2 creatures vanquished.

Grand Total: 74 creatures vanquished

Notes
Turn   | Place    | Note
--------------------------------------------------------------
     0 | D:1      | Fluffy, the Human Fighter, began the quest for the Orb.
     0 | D:1      | Reached XP level 1. HP: 18/18 MP: 1/1
   145 | D:1      | Reached XP level 2. HP: 16/24 MP: 2/2
   889 | D:2      | Reached XP level 3. HP: 29/29 MP: 3/3
  1019 | D:2      | Reached skill level 4 in Long Blades
  1019 | D:2      | Reached XP level 4. HP: 18/35 MP: 4/4
  1467 | D:2      | Found a deep blue altar of Sif Muna.
  1595 | D:2      | Reached XP level 5. HP: 41/41 MP: 5/5
  1717 | D:3      | Reached skill level 5 in Long Blades
  1893 | D:3      | Found a shattered altar of Ashenzari.
  2206 | D:3      | Gained mutation: Potions and wands are less effective at restoring your health. [potion of mutation]
  2206 | D:3      | Gained mutation: Your flesh is heat resistant. [potion of mutation]
  2206 | D:3      | Gained mutation: You are resistant to electric shocks. [potion of mutation]
  2219 | D:3      | Slain by an orc wizard

Action                   |  1- 3 |  4- 6 || total
-------------------------+-------+-------++-------
Melee: Long sword        |    92 |   217 ||   309
  Use: Potion            |       |     5 ||     5
  Eat: Chunk             |       |     5 ||     5
       Bread ration      |       |     1 ||     1
